Map: [ESL] Crimson Court

Players

Oliveira - Winner!

  • Race: Terran Terran
  • Spawn Location: 7:00

Nice

  • Race: Protoss Protoss
  • Spawn Location: 1:00

Event: ESL SC2 Masters 2024 Spring (Regional)

VOD

Have the link to the VOD?

Description

Time

  • Played on: April 27, 2024, 7:22 a.m.
  • Length: 9:37

All games in this series

Show
View Real Time Build Order
Export as new Build Order

Oliveira Terran - Winner!

Build Orders: Cyclone Opening, Reaper Expand 

Get SALT Encoding   

  12  0:00  SCV  
  13  0:12  SCV  
  14  0:17  Supply Depot  
  14  0:24  SCV  
  15  0:38  SCV  
  15  0:39  Barracks  
  16  0:43  Refinery  
  16  0:50  SCV  
  17  1:02  SCV  
  18  1:14  SCV  
  19  1:27  Orbital Command, Reaper  
  20  1:38  Command Center  
  20  1:47  Supply Depot  
  20  1:52  SCV  
  21  1:59  Marine  
  22  2:04  SCV  
  22  2:06  Factory  
  23  2:14  Bunker  
  23  2:16  SCV  
  23  2:22  Barracks Reactor  
  24  2:28  SCV  
  24  2:29  Barracks  
  23  2:51  Cyclone  
  23  2:53  Orbital Command  
  23  2:58  Marine  
  23  3:01  Marine  
  24  3:05  SCV  
  25  3:15  Marine  
  25  3:19  Barracks Tech Lab, Marine  
  27  3:20  SCV  
  27  3:26  Factory Tech Lab  
  28  3:29  SCV  
  28  3:32  SCV  
  28  3:33  Marine  
  31  3:37  Marine  
  31  3:40  Marine  
  32  3:43  SCV, Refinery  
  32  3:46  SCV  
  34  3:49  Siege Tank  
  34  3:53  Supply Depot  
  37  3:56  SCV, Marine  
  37  3:59  SCV  
  37  4:01  Marine  
  41  4:06  Marine  
  41  4:08  SCV  
  43  4:11  SCV  
  43  4:14  Marine  
  45  4:17  Engineering Bay  
  45  4:21  Siege Tank  
  45  4:23  SCV  
  49  4:25  SCV  
  49  4:27  Marine  
  51  4:32  Supply Depot  
  51  4:34  Marine  
  51  4:38  SCV x2  
  52  4:44  Supply Depot  
  52  4:45  Marine  
  54  4:54  Missile Turret  
  54  4:55  SCV  
  55  5:01  Siege Tank  
  55  5:04  SCV  
  55  5:06  Marine  
  60  5:10  Stimpack, SCV  
  60  5:13  Marine  
  61  5:16  SCV  
  61  5:17  Marine  
  63  5:23  SCV, Barracks  
  63  5:28  SCV, Marine, Supply Depot  
  65  5:33  Siege Tank  
  69  5:36  SCV  
  69  5:37  Refinery  
  70  5:42  Supply Depot  
  70  5:45  Terran Infantry Weapons Level 1  
  70  5:49  SCV, Marine x3  
  74  5:50  SCV  
  74  6:01  SCV  
  74  6:02  Starport, Missile Turret  
  74  6:03  SCV  
  76  6:06  Supply Depot  
  76  6:07  Marine  
  77  6:13  SCV  
  77  6:15  SCV  
  77  6:17  Factory Reactor  
  79  6:18  Refinery  
  79  6:21  Combat Shield, Marine  
  79  6:26  SCV  
  79  6:27  SCV, Marauder x2, Marine  
  79  6:30  Supply Depot  
  86  6:38  SCV, Supply Depot  
  87  6:43  Command Center  
  87  6:47  Marine  
  86  6:49  Marine  
  86  6:50  Marauder  
  86  6:52  Supply Depot  
  86  6:53  Marauder  
  92  6:57  Medivac x2  
  96  7:07  Barracks  
  96  7:08  Factory Reactor  
  96  7:09  Barracks  
  96  7:12  Marine  
  96  7:13  Marauder, Marine  
  96  7:14  Concussive Shells  
  100  7:16  Supply Depot  
  100  7:20  SCV  
  100  7:21  Marine  
  102  7:27  Medivac x2  
  106  7:30  Marine  
  106  7:32  Supply Depot  
  106  7:34  Marauder, Marine  
  110  7:44  Marine  
  110  7:48  Marine  
  112  7:52  Ghost Academy  
  112  7:55  Widow Mine x2  
  112  7:56  Marauder  
  117  8:02  Barracks Tech Lab  
  117  8:03  SCV x2, Barracks Reactor  
  119  8:07  Viking x2  
  123  8:15  SCV  
  114  8:22  Orbital Command, Ghost  
  114  8:24  SCV  
  117  8:28  SCV  
  117  8:29  Marine  
  119  8:36  SCV, Ghost  
  119  8:39  Marine  
  119  8:40  SCV  
  124  8:42  Marine  
  124  8:47  Ghost  
  124  8:48  SCV  
  128  8:52  SCV  
  127  8:58  Marine x2  
  127  8:59  Marauder  
  127  9:00  SCV x2  
  132  9:04  SCV  
  132  9:08  Supply Depot x2  
  131  9:12  SCV, Marauder, Marine x2  
  136  9:20  SCV  
Show
View Real Time Build Order
Export as new Build Order

Nice Protoss 

Build Orders:  

Get SALT Encoding   

  12  0:00  Probe  
  13  0:12  Probe  
  14  0:17  Pylon  
  14  0:24  Probe (Chrono Boost)  
  15  0:36  Probe (Chrono Boost)  
  15  0:38  Gateway  
  16  0:45  Probe (Chrono Boost)  
  16  0:49  Assimilator  
  17  0:51  Probe  
  18  0:58  Pylon  
  18  1:03  Probe  
  19  1:15  Probe  
  19  1:17  Gateway  
  20  1:24  Cybernetics Core  
  20  1:29  Zealot  
  22  1:35  Assimilator  
  22  1:39  Probe  
  23  1:51  Probe  
  24  2:01  Adept (Chrono Boost)  
  26  2:03  Shield Battery  
  26  2:05  Stalker (Chrono Boost)  
  26  2:07  Warp Gate  
  28  2:14  Pylon  
  28  2:21  Adept (Chrono Boost)  
  30  2:32  Stalker  
  32  2:58  Stalker  
  32  3:08  Stalker (Chrono Boost)  
  32  3:11  Twilight Council  
  32  3:36  Stalker (Chrono Boost)  
  30  3:43  Gateway  
  30  3:44  Gateway  
  30  3:59  Stalker  
  32  4:03  Gateway  
  32  4:06  Stalker  
  34  4:23  Stalker  
  36  4:28  Probe  
  37  4:40  Nexus, Charge  
  37  4:41  Probe, Templar Archives  
  38  4:48  Pylon  
  38  4:53  Probe  
  39  5:00  Robotics Facility  
  39  5:06  Probe  
  40  5:18  Probe (Chrono Boost)  
  41  5:25  Psionic Storm  
  41  5:27  Probe (Chrono Boost)  
  42  5:32  Probe  
  43  5:42  Assimilator  
  43  5:44  Warp Prism (Chrono Boost), Assimilator  
  43  5:45  Probe  
  46  5:54  High Templar  
  46  5:56  Probe  
  50  5:57  Probe  
  50  6:08  Probe  
  50  6:09  Probe  
  52  6:20  Probe (Chrono Boost)  
  52  6:21  High Templar  
  52  6:25  Probe (Chrono Boost)  
  56  6:28  Gateway  
  56  6:31  Observer, Probe (Chrono Boost)  
  58  6:36  Probe x2 (Chrono Boost)  
  58  6:37  Pylon  
  58  6:38  High Templar  
  62  6:45  Probe  
  62  6:46  Probe  
  62  6:50  Shield Battery  
  62  6:56  Gateway  
  62  6:57  Probe  
  62  6:58  Probe  
  62  6:59  High Templar  
  66  7:05  Gateway  
  66  7:06  High Templar  
  68  7:11  Pylon, Probe  
  69  7:20  Probe  
  70  7:26  Gateway  
  70  7:28  Gateway  
  70  7:29  Pylon  
  68  7:44  High Templar x2  
  68  7:45  Zealot x2  
  76  7:51  Pylon  
  77  8:01  Forge  
  77  8:02  Observer (Chrono Boost)  
  77  8:05  Nexus  
  77  8:06  Probe  
  77  8:09  Probe  
  79  8:18  Probe  
  80  8:22  Probe, Robotics Bay  
  80  8:25  Robotics Facility  
  80  8:26  Zealot  
  83  8:30  Probe  
  84  8:41  Zealot  
  86  8:59  Nexus  
  86  9:01  Pylon  
  86  9:02  Pylon  
  82  9:04  Zealot x2  
  84  9:22  Pylon  
  88  9:25  Archon x2  
Tags
 
Add a new tag
Caveats
  • Supply blocks, unpowered buildings, or Contaminate may cause inaccurate times.
  • Supply counts are checked every 10 seconds.